 Dungeon Crawl Stone Soup version 0.28.0-53-g5a82cb258f (webtiles) character file.

Game seed: 10846171057319474879

676 jjjjhere the Chopper (level 7, -1/63 HPs)
             Began as a Minotaur Fighter on Aug 20, 2022.
             Killed by vampiric draining
             ... invoked by a vampire
              (9 damage)
             ... on level 5 of the Dungeon.
             The game lasted 00:04:57 (2956 turns).

jjjjhere the Chopper (Minotaur Fighter)             Turns: 2956, Time: 00:04:58

Health: -1/63      AC:  8    Str: 27    XL:     7   Next: 33%
Magic:  6/6        EV:  9    Int:  8    God:
Gold:   274        SH:  7    Dex: 17    Spells: 6/6 levels left

rFire   . . .      SeeInvis .   a - +0 war axe
rCold   . . .      Faith    .   t - +1 buckler of Ubom {Will+ Int+3}
rNeg    . . .      Spirit   .   b - +0 scale mail
rPois   .          Reflect  .   (helmet restricted)
rElec   .          Harm     .   (no cloak)
rCorr   .          Rampage  .   g - +0 pair of gloves
Will    +....                   (no boots)
Stlth   ..........              m - amulet of regeneration
HPRegen 1.00/turn               k - +6 ring of strength
MPRegen 0.10/turn               p - +6 ring of dexterity

@: mighty
A: horns 2, retaliatory headbutt
a: no special abilities


You were on level 5 of the Dungeon.
You visited 1 branch of the dungeon, and saw 5 of its levels.

You collected 274 gold pieces.

Inventory:

Hand Weapons
 a - a +0 war axe (weapon)
Armour
 b - a +0 scale mail (worn)
 c - a +0 buckler
 g - a +0 pair of gloves (worn)
 t - the +1 buckler of Ubom (worn) {Will+ Int+3}
   (You found it on level 5 of the Dungeon)

   Int:       It affects your intelligence (+3).
   Will:      It increases your willpower.
Jewellery
 k - a +6 ring of strength (left hand)
 m - an amulet of regeneration (around neck)
 p - a +6 ring of dexterity (right hand)
Scrolls
 e - 2 scrolls of teleportation
Potions
 f - a potion of cancellation
 h - 2 potions of curing
 l - 2 potions of mutation {unknown}


   Skills:
 + Level 6.0 Fighting
 * Level 7.2 Axes
 - Level 3.6 Armour
 + Level 6.0 Shields


You had 6 spell levels left.
You didn't know any spells.
Your spell library contained the following spells:

 Spells                   Type           Power      Damage    Failure   Level
 Magic Dart               Conj           0%         1d3       77%         1
 Call Imp                 Summ           0%         N/A       88%         2
 Mephitic Cloud           Conj/Pois/Air  0%         N/A       98%         3


Dungeon Overview and Level Annotations

Branches:
Dungeon (5/15)
 Temple: D:4-7

Altars:
Nemelex Xobeh

Shops:
D:3 ?=*


Innate Abilities, Weirdness & Mutations

You have a pair of horns on your head.
You reflexively headbutt those who attack you in melee.


Message History

There is a stone staircase leading down here.
You climb downwards.
There is a stone staircase leading up here.
Unknown command.
You aren't carrying any items that you can evoke.
Okay, then.
You feel very mighty all of a sudden.
The vampire hits you but does no damage.
The vampire bites you but does no damage.
You hit the vampire.
The vampire is lightly damaged.
You block the vampire's attack. The vampire bites you.
The vampire draws strength from your injuries!
The vampire casts a spell.
The vampire flickers and vanishes!
Deactivating autopickup; reactivate with Ctrl-A.
You closely miss something. Something hits you but does no damage.
Something bites you.
Something draws strength from your injuries!
You barely miss something. Your headbutt misses something.
You hear some strange, mumbled words.
Something tries to affect you, but you resist.
You miss something. You block something's attack. Something bites you.
Something draws strength from your injuries!
You miss something. Your headbutt misses something.
Something hits you but does no damage. Something bites you!
Something draws strength from your injuries!
You miss something. Your headbutt misses something. Something hits you!
Something completely misses you.
You slash something! You headbutt something! Something hits you.
Something bites you.
Something draws strength from your injuries!
You block something's attack. Something bites you but does no damage.
You closely miss something. You block something's attack. Something bites you.
Something draws strength from your injuries!
You slash something! Something draws life force from you!
You slash something! Something draws life force from you!
* * * LOW HITPOINT WARNING * * *
You slash something! Something draws life force from you!
You die...

...... ...#..... ...... ...#.....
...... ...#..... ...... #........
...... #.##.#####........ ......
####.##.##........... .....
....##.#<....{...... .....
...##.#....@.......######### .
..##.#....................#
...####.##.#..<........########.#
........##.#.#..#....... #....<#
#...V.............. ##.##.#
#.....#.##.##....## #.....
#..####.##.# ....# #.##'#
#.....#.##.##.##### ##....
#.V##.#.##.#....#.. +....


There were no monsters in sight!

Vanquished Creatures
  A wyvern (D:5)
  A phantom (D:4)
  A scorpion (D:5)
  A water moccasin zombie (D:5)
  A bullfrog zombie (D:4)
  A hound (D:5)
  An orc priest (D:4)
  Natasha (thrice) (D:3)
  An iguana (D:4)
  3 gnolls (D:3)
  3 adders
  An ufetubus (D:5)
  3 worms
  2 dart slugs
  7 orcs
  4 ball pythons
  7 bats
  5 endoplasms
  5 giant cockroaches
  6 goblins
  3 hobgoblins
  3 jackals (D:1)
  4 quokkas
  3 frilled lizards
  8 kobolds
  3 rats
81 creatures vanquished.

Notes
Turn   | Place    | Note
-------+----------+-------------------------------------------
     0 | D:1      | jjjjhere the Minotaur Fighter began the quest for the Orb.
     0 | D:1      | Reached XP level 1. HP: 19/19 MP: 0/0
   128 | D:1      | Reached skill level 3 in Axes
   128 | D:1      | Reached XP level 2. HP: 25/27 MP: 1/1
   476 | D:1      | Found a faded altar of an unknown god.
   656 | D:2      | You fall into a shaft and drop 1 floor!
   666 | D:3      | Reached XP level 3. HP: 28/33 MP: 2/2
   689 | D:3      | Noticed Natasha
   696 | D:3      | Killed Natasha
   714 | D:3      | Found Vacis's Magic Scroll Boutique.
   725 | D:3      | Reached skill level 4 in Axes
   956 | D:2      | Reached XP level 4. HP: 38/40 MP: 3/3
  1252 | D:3      | Found Xeogg's Jewellery Boutique.
  1266 | D:3      | Noticed Natasha
  1272 | D:3      | Killed Natasha
  1334 | D:3      | Found Giaduigheo's Assorted Antiques.
  1389 | D:3      | Noticed Natasha
  1397 | D:3      | Killed Natasha
  1398 | D:3      | Reached XP level 5. HP: 20/47 MP: 4/4
  1455 | D:3      | Found a sparkling altar of Nemelex Xobeh.
  1609 | D:3      | Reached skill level 5 in Axes
  1686 | D:4      | Noticed a phantom
  1738 | D:4      | Reached skill level 5 in Fighting
  1738 | D:4      | Reached skill level 5 in Shields
  1752 | D:4      | Reached XP level 6. HP: 56/56 MP: 5/5
  2103 | D:4      | Reached skill level 6 in Axes
  2190 | D:5      | Entered Level 5 of the Dungeon
  2190 | D:5      | Noticed a wyvern
  2195 | D:5      | Killed a wyvern
  2198 | D:5      | Reached XP level 7. HP: 37/62 MP: 6/6
  2277 | D:5      | Reached skill level 7 in Axes
  2333 | D:5      | Identified the +1 buckler of Ubom {Will+ Int+3}
  2467 | D:5      | Noticed a vampire
  2955 | D:5      | HP: 7/63 [something (15)]
  2956 | D:5      | Killed from afar by a vampire

Illustrated notes

Levels and vault maps discovered:
D:1:      minmay_arrival_loop, layout_rooms, shapermc_ecumenical_altar_petra
D:2:      layout_rooms, serial_glass, glass_columns_b, glass_columns_c
D:3:      layout_rooms, nemelex_altar_shiori, serial_shops, shop, shop_coins,
          shop, uniq_natasha
D:4:      layout_basic
D:5:      layout_basic, minmay_pentangle

Skill      XL: |  1  2  3  4  5  6  7 |
---------------+----------------------+-----
Axes           | 3 4 5 6 7 |  7.2
Fighting       | 4 5 6 |  6.0
Shields        | 4 5 6 |  6.0
Armour         | |  3.6

Action                   |  1- 3 |  4- 6 |  7- 9 || total
-------------------------+-------+-------+-------++-------
Melee: War axe           |    70 |    93 |    23 ||   186
       Headbutt          |     5 |    15 |     6 ||    26
  Use: Scroll            |       |       |    10 ||    10
       Potion            |       |       |     1 ||     1
Armor: Scale mail        |    46 |    33 |    16 ||    95
Dodge: Dodged            |    37 |    44 |    13 ||    94
Block: Buckler           |    20 |    19 |    11 ||    50
